cohdb
Replays
Latest Replays
All Replays
Popular Replays
Top Player Replays
Match Explorer
How It Works
Community
CoH3 Stats
Reddit
Sign in to upload your games and track your stats! →
Sign in with Steam
Match 39081214
Unlisted
Match 39081214
Overview
Messages
Build Orders
End
Selects Luftwaffe Battlegroup
Selects Luftwaffe Pioneer Support
Fallschirmpioneer Squad Paradrop
Construct Infanterie Kompanie
Grenadier Squad
MG 42 Machine Gun Team
Grenadier Squad
Construct Panzergrenadier Kompanie
Selects Stuka Strafing Run
Selects Fallschirmjäger Squad Paradrop
Fallschirmjäger Squad Paradrop
Support Elements
Selects LG40 Recoilless Gun Paradrop
StuG III G Assault Gun
251 Medium Carrier
Panzergrenadier Officer Quarters
Pioneer Squad
Stuka Strafing Run
StuG III G Assault Gun
WadoVice
PapaHotel
0
0
Comments
sign in to comment!
No comments posted yet!